 Dungeon Crawl Stone Soup version 0.21.0-3-g78d12a8 (webtiles) character file.

11 tidbits the Sneak (level 2, 0/11 HPs)
             Began as a Felid Air Elementalist on Jan 8, 2018.
             Slain by a hobgoblin (5 damage)
             ... on level 2 of the Dungeon.
             The game lasted 00:01:50 (327 turns).

tidbits the Sneak (Felid Air Elementalist)           Turns: 327, Time: 00:01:50

Health: 0/11       AC:  1    Str:  4    XL:     2   Next: 13%
Magic:  6/6        EV: 18    Int: 16    God:
Gold:   77         SH:  0    Dex: 16    Spells: 4/5 levels left
                                        Lives:  0   Deaths: 0

rFire    . . .     SeeInvis +     - Unarmed
rCold    . . .     Gourm    .   (shield unavailable)
rNeg     . . .     Faith    .   (armour unavailable)
rPois    .         Spirit   .   (helmet unavailable)
rElec    .         Reflect  .   (cloak unavailable)
rCorr    .         Harm     .   (gloves unavailable)
MR       .....                  (boots unavailable)
Stlth    +++.......             (no amulet)
HPRegen  0.03/turn              (no ring)
MPRegen  0.10/turn              (no ring)

@: quick
A: very small, no armour, no weapons or thrown items, stealth, claws 1, fangs 3,
see invisible, carnivore, speed 1, shaggy fur 1, slow metabolism 1, sharp paws
a: no special abilities


You were on level 2 of the Dungeon.
You were full.

You visited 1 branch of the dungeon, and saw 2 of its levels.

You collected 77 gold pieces.

Inventory:

Scrolls
 c - a scroll of teleportation {unknown}
 d - a scroll of fear {unknown}
 f - a scroll of magic mapping {unknown}
 g - a scroll of enchant weapon {unknown}
Potions
 e - a potion of curing {unknown}
Books
 a - a book of Air

   Spells                             Type                      Level
   a - Shock                          Conjuration/Air              1
   b - Swiftness                      Charms/Air                   2
   c - Static Discharge               Conjuration/Air              3
   d - Airstrike                      Air                          4
   e - Lightning Bolt                 Conjuration/Air              5
Comestibles
 b - 3 rations


   Skills:
 - Level 2.6 Dodging
 + Level 3.4 Stealth
 + Level 1.1 Unarmed Combat
 - Level 2.0 Spellcasting
 - Level 0.8 Conjurations
 - Level 2.6 Air Magic


You had 4 spell levels left.
You knew the following spells:

 Your Spells              Type           Power        Failure   Level  Hunger
a - Shock                 Conj/Air       #...         10%         1    #......


Dungeon Overview and Level Annotations

Branches:
Dungeon (2/15)

Altars:


Innate Abilities, Weirdness & Mutations

You cannot wear armour.
You are incapable of wielding weapons or throwing items.
Your paws allow you to move quietly. (Stealth)
You have sharp claws.
You have razor-sharp teeth.
You have supernaturally acute eyesight. (SInv)
You are carnivorous and can eat meat at any time.
You cover ground quickly.
You are covered in fur. (AC +1)
You have a slow metabolism.
Your sharp claws are effective at attacking unaware monsters.


Message History

Press: ? - help, Shift-Dir - straight line The zap hits the rat.
You kill the rat!
The zap misses the leopard gecko.
The zap hits the leopard gecko.
The leopard gecko is heavily wounded.
A bat comes into view.
Casting: Shock
Confirm with . or Enter, or press ? or * to list all spells.
Aiming: Shock
Press: ? - help, Shift-Dir - straight line The zap misses the leopard gecko.
The zap hits the leopard gecko.
The leopard gecko is almost dead.
The leopard gecko misses you.
Casting: Shock
Confirm with . or Enter, or press ? or * to list all spells.
Aiming: Shock
Press: ? - help, Shift-Dir - straight line The zap hits the leopard gecko.
You kill the leopard gecko!
Your Unarmed Combat skill increases to level 1!
You see here a leopard gecko corpse.
The bat hits you.
* * * LOW HITPOINT WARNING * * *
The bat completely misses you.
You see here a rat corpse.
The bat misses you. x2
Found a scroll labeled WEIKKUGGOWAGE.
Casting: Shock
Confirm with . or Enter, or press ? or * to list all spells.
Aiming: Shock
Press: ? - help, Shift-Dir - straight line The zap hits the bat.
The bat is moderately wounded.
The zap misses the bat.
The bat misses you. x2
The bat hits you but does no damage.
Casting: Shock
Confirm with . or Enter, or press ? or * to list all spells.
You don't have enough magic to cast that spell.
You barely miss the bat.
The bat is moderately wounded.
The bat completely misses you. The bat misses you.
You scratch the bat. Your bite misses the bat.
The bat is severely wounded.
The bat barely misses you.
You scratch the bat.
You kill the bat!
You have reached level 2!
Things that are here:
a mace; a hunting sling You see here a bat corpse.
You butcher the bat corpse.
f - a chunk of flesh Eat a chunk of flesh? (ye/n/q)
You eat the chunk of flesh.
This raw flesh tastes great.
You see here a rat corpse.
You butcher the rat corpse.
f - a chunk of flesh You see here a rat skeleton.
Eat a chunk of flesh? (ye/n/q)
You eat the chunk of flesh.
This raw flesh tastes great.
You see here a leopard gecko corpse.
You butcher the leopard gecko corpse.
f - a chunk of flesh Eat a chunk of flesh? (ye/n/q)
You eat the chunk of flesh.
This raw flesh tastes great.
You see here a rat skeleton.
A bat comes into view.
You see here a bubbling inky potion.
e - a bubbling inky potion
There are no items here.
The bat closely misses you.
You miss the bat. The bat misses you. x2
You scratch the bat.
You kill the bat!
You see here a bat corpse.
b - 3 rations (gained 1)
A goblin comes into view. It is wielding a club.
You see here a scroll labeled UBAWKI DUD YXZE.
The helpless goblin fails to defend itself.
You claw the goblin!
You kill the goblin!
You see here a club.
f - a scroll labeled UBAWKI DUD YXZE You see here a rat skeleton.
You now have 77 gold pieces (gained 17).
You see here a rat skeleton.
g - a scroll labeled WEIKKUGGOWAGE
Found a stone staircase leading down.
There is a stone staircase leading down here.
You climb downwards.
A frilled lizard and a hobgoblin come into view.
The frilled lizard moves out of view.
Found a ration.
There is a stone staircase leading up here.
A frilled lizard and an adder come into view.
The adder moves out of view.
The frilled lizard hisses angrily.
There is a stone staircase leading up here.
The hobgoblin hits you.
You die...

#S .# ## #..%
.... # ... .#.
. S .. .. ##..
#.#.###l#.....
#.#.#.........
#.......#
###.#...#.#
#.@g....#
###.....l..
#...#####
#####...######
.............
...........
...........
#....#.## .
#....#.####[...


You could see an adder (wandering), a hobgoblin and 2 frilled lizards.

Vanquished Creatures
  A dart slug (D:2)
  A leopard gecko (D:1)
  2 bats (D:1)
  A goblin (D:1)
  A kobold (D:1)
  2 rats
8 creatures vanquished.

Notes
Turn   | Place    | Note
-------+----------+-------------------------------------------
     0 | D:1      | tidbits the Felid Air Elementalist began the quest for the Orb.
     0 | D:1      | Reached XP level 1. HP: 7/7 MP: 4/4
    59 | D:2      | Reached skill level 3 in Stealth
   185 | D:1      | Reached skill level 1 in Unarmed Combat
   194 | D:1      | Reached XP level 2. HP: 2/11 MP: 0/6
   327 | D:2      | Slain by a hobgoblin

Skill      XL: |  1 |
---------------+----+-----
Stealth        | 3 |  3.4
Unarmed Combat | 1 |  1.1
Dodging        | |  2.6
Spellcasting   | |  2.0
Conjurations   | |  0.8
Air Magic      | |  2.6

Action                   || total
-------------------------++-------
Melee: Unarmed           ||    14
       Bite              ||     1
 Cast: Shock             ||     6
 Stab: Sleeping          ||     3
  Eat: Chunk             ||     3
Armor: Skin              ||     1
Dodge: Dodged            ||    17

Table legend:
 A = Turns spent in this place as a percentage of turns spent in the entire game.
 B = Non-inter-level travel turns spent in this place as a percentage of non-inter-level travel turns spent in the entire game.
 C = Inter-level travel turns spent in this place as a percentage of turns spent in this place.
 D = Turns resting spent in this place as a percentage of non-inter-level travel turns spent in this place.
 E = Turns spent auto-exploring this place as a percentage of non-inter-level travel turns spent in this place.
 F = Non-inter-level travel turns spent in this place divided by the number of levels of this place that you've seen.
                   A       B       C       D       E      F
               +-------+-------+-------+-------+-------+----------------------
         Total | 100.0 | 100.0 |   8.9 |   0.0 |   0.0 | 149.0
       Dungeon | 100.0 | 100.0 |   8.9 |   0.0 |   0.0 | 149.0
               +-------+-------+-------+-------+-------+----------------------

Table legend:
 A = Kills in this place as a percentage of kills in entire the game.
 B = Kills by you in this place as a percentage of kills by you in the entire game.
 C = Kills by friends in this place as a percentage of kills by friends in the entire game.
 D = Other kills in this place as a percentage of other kills in the entire game.
 E = Experience gained in this place as a percentage of experience gained in the entire game.
 F = Experience gained in this place divided by the number of levels of this place that you have seen.
                   A       B       C       D       E      F
               +-------+-------+-------+-------+-------+----------------------
         Total | 100.0 | 100.0 |   N/A |   N/A | 100.0 |   8.0
       Dungeon | 100.0 | 100.0 |   N/A |   N/A | 100.0 |   8.0
               +-------+-------+-------+-------+-------+----------------------

Vault maps used:
D:1:      saegor_arrival_simple_f, minmay_heptomino_o4
D:2:      minmay_tiny_reverse_x
